 Dungeon Crawl Stone Soup version 0.31-a0-1405-g2bb1a01664 (webtiles) character file.

Game seed: 14193130103146161626

606 Dirtsage the Changeling (level 7, -7/64 HPs)
             Began as an Octopode Shapeshifter on Dec 25, 2023.
             Killed from afar by Dowan (19 damage)
             ... with a shard of ice
             ... on level 4 of the Dungeon.
             The game lasted 00:10:29 (4055 turns).

Dirtsage the Changeling (Octopode Shapeshifter)     Turns: 4055, Time: 00:10:30

Health: -7/64      AC: 23    Str: 13    XL:     7   Next: 42%
Magic:  7/7        EV:  2    Int: 13    God:
Gold:   161        SH:  5    Dex: 13    Spells: 6/6 levels left

rFire   . .          .
                       - Unarmed
rCold   . . .        (no shield)
rNeg    . . .        (helmet currently unavailable)
rPois   +            e - amulet of reflection
rElec   .            W - ring of wizardry
rCorr   .            (no ring)
SInv    .            (no ring)
Will    .....        (no ring)
Stlth   +            (no ring)
HPRegen 0.30/turn    (no ring)
MPRegen 0.10/turn    (no ring)
                     (no ring)

%: reflection, wizardry (x1)
@: tree-form, studying Air Magic
A: stationary, stasis, torment immunity, boosted hp, almost no armour,
(amphibious), 8 rings, (camouflage 1), (gelatinous body 1), (nimble swimmer 1),
(tentacles)
a: no special abilities


You were on level 4 of the Dungeon.
You were a tree.
You visited 1 branch of the dungeon, and saw 5 of its levels.

You collected 258 gold pieces.
You spent 97 gold pieces at shops.

Inventory:

Jewellery
 e - an amulet of reflection (around neck)
 s - an amulet of guardian spirit
 t - a ring of fire
 W - a ring of wizardry (left branch)
Talismans
 b - a beast talisman
 c - a flux talisman
Scrolls
 f - 2 scrolls of fear {unknown}
 h - a scroll of silence {unknown}
 j - 7 scrolls of identify {unknown}
 k - 2 scrolls of fog {unknown}
 m - a scroll of summoning {unknown}
 n - a scroll of acquirement {unknown}
 q - a scroll of noise {unknown}
 r - 2 scrolls of amnesia {unknown}
 x - a scroll of teleportation {unknown}
 y - a scroll of revelation {unknown}
 z - a scroll of vulnerability {unknown}
 B - a scroll of blinking
Potions
 a - a potion of lignification
 d - a potion of attraction {unknown}
 g - a potion of haste {unknown}
 i - a potion of ambrosia {unknown}
 l - a potion of invisibility {unknown}
 o - 2 potions of heal wounds {unknown}
 p - 2 potions of curing {unknown}
 u - a potion of resistance {unknown}
 v - a potion of magic {unknown}
 w - a potion of degeneration {unknown}
 A - 2 potions of mutation {unknown}


   Skills:
 - Level 1.0 Fighting
 - Level 2.0 Dodging
 - Level 3.0 Unarmed Combat
 + Level 7.8 Shapeshifting


You had 6 spell levels left.
You didn't know any spells.
Your spell library was empty.

Dungeon Overview and Level Annotations

Branches:
Dungeon (5/15)
 Temple: D:4-7

Altars:
Cheibriados
Dithmenos
Elyvilon

Shops:
D:1 (*(?:

Annotations:
D:4 Dowan


Innate Abilities, Weirdness & Mutations

You are a tree.
Your roots penetrate the ground, keeping you stationary.
You cannot be teleported.
You are immune to unholy pain and torment.
Your maximum health is greatly increased.
You cannot wear most types of armour.
((You are amphibious.))
You can wear up to eight rings at the same time.
((Your skin changes colour to match your surroundings (Stealth+).))
((Your rubbery body absorbs attacks. (AC +1, EV +1)))
((You are camouflaged when in or above water. (Stealth+)))
((You have tentacles for arms and can constrict up to eight enemies at once.))


Message History

Duvessa is almost dead.
Duvessa hits you but does no damage.
You closely miss Duvessa.
Duvessa is almost dead.
Duvessa hits you with a +0 rapier.
You take 3 damage, and have 27/64 hp.
You completely miss Duvessa.
Duvessa is almost dead.
Duvessa hits you but does no damage.
You barely miss Duvessa.
Duvessa is almost dead.
Duvessa hits you with a +0 rapier!
* * * LOW HITPOINT WARNING * * *
You take 8 damage, and have 19/64 hp.
You barely miss Duvessa.
Duvessa is almost dead.
Duvessa hits you but does no damage.
You hit Duvessa.
You kill Duvessa!
Dowan screams, "No!
Oh no!"
Dowan seems to find hidden reserves of power!
Dowan completely misses you.
You miss Dowan. Dowan casts a spell at you. The shard of ice hits you!
* * * LOW HITPOINT WARNING * * *
You take 6 damage, and have 13/64 hp.
You hit Dowan.
Dowan is moderately wounded.
Dowan mumbles some strange words.
Dowan blinks!
You swing at nothing.
Dowan points at you and mumbles some strange words.
The shard of ice hits you.
* * * LOW HITPOINT WARNING * * *
You take 1 damage, and have 12/64 hp.
You swing at nothing.
Dowan points at you and mumbles some strange words.
The shard of ice hits you!!
You die...

.).....e......#.......#...#......
..(....§......#...........#......
######..###..##..##.##..###.####.
...###..#######..#####.####.####.
.....#...e........#...........)..
.....+....[.......#..........>...
.....#......e.....'..............
<...##...#######)####..##...#...P
###########...##♣#########P....~.
#.........†# #....~~♣ #####
#......e..># ##♣.P~~~ #...#
#..........# #P...~~
....#######....#...## ##.P..~
.......^.......##### ##♣..~
...............# #♣..
##~~.~...~..P### ###
#~~~P~~~~~~P#


You could see Dowan (fast).

Vanquished Creatures
  Duvessa (D:4)
  A black bear (D:3)
  A phantom (D:4)
  A killer bee (D:4)
  An orc priest (D:3)
  A hound (D:4)
  A sleepcap (D:4)
  An orc wizard (D:4)
  An iguana (D:4)
  4 adders
  A dart slug (D:4)
  5 worms
  10 orcs
  7 endoplasms
  4 giant cockroaches
  10 hobgoblins
  8 jackals
  3 quokkas
  7 ball pythons
  6 bats
  3 frilled lizards
  12 goblins
  5 kobolds
  11 rats
105 creatures vanquished.

Notes
Turn   | Place    | Note
-------+----------+-------------------------------------------
     0 | D:1      | Dirtsage the Octopode Shapeshifter began the quest for the
                  | Orb.
     0 | D:1      | Reached XP level 1. HP: 13/13 MP: 1/1
    38 | D:1      | Found Mezxoon's Book Shoppe.
    53 | D:1      | Reached XP level 2. HP: 13/18 MP: 2/2
   207 | D:1      | Found Zuufum's General Store.
   260 | D:1      | Found Pidghol's Weapon Emporium.
   283 | D:1      | Found Cozuinn's Weapon Shop.
   416 | D:1      | Reached XP level 3. HP: 20/23 MP: 3/3
   421 | D:1      | Reached skill level 4 in Shapeshifting
   629 | D:1      | Found Vasis's Magic Scroll Emporium.
  1417 | D:2      | Reached XP level 4. HP: 24/28 MP: 4/4
  2208 | D:3      | Found a faded altar of an unknown god.
  2226 | D:3      | Found a shadowy altar of Dithmenos.
  2279 | D:3      | Reached skill level 5 in Shapeshifting
  2351 | D:1      | Bought a scroll of blinking for 97 gold pieces
  2391 | D:3      | Found a white marble altar of Elyvilon.
  2391 | D:3      | Found a snail-covered altar of Cheibriados.
  2505 | D:3      | Noticed a black bear
  2529 | D:3      | Killed a black bear
  2530 | D:3      | Reached XP level 5. HP: 24/33 MP: 5/5
  2777 | D:3      | Reached skill level 6 in Shapeshifting
  2782 | D:3      | Reached XP level 6. HP: 17/38 MP: 6/6
  3191 | D:4      | Identified the +2 hand axe of War {spect, rCorr Int+4}
  3572 | D:4      | Noticed Dowan
  3573 | D:4      | Noticed Duvessa
  3897 | D:5      | Entered Level 5 of the Dungeon
  3913 | D:4      | Reached skill level 7 in Shapeshifting
  4014 | D:4      | Reached XP level 7. HP: 25/43 MP: 7/7
  4051 | D:4      | Killed Duvessa
  4055 | D:4      | Killed from afar by Dowan

Illustrated notes

Levels and vault maps discovered:
D:1:      minmay_arrival_three_doors, layout_basic, serial_shops,
          nicolae_shop_tiny_glass, nicolae_shop_statue_plus, shop_fountains,
          shop, shop
D:2:      layout_loops_corners, minmay_fractal_squares_5
D:3:      minmay_chambers_of_threes, layout_loops_ring,
          gammafunk_temple_overflow_elements, nicolae_dithmenos_the_darkroom,
          hellmonk_ecumenical_altar_heavens_door, serial_bayou_lake_a
D:4:      layout_gridville, serial_bayou, serial_bayou_shore_a,
          serial_bayou_pond_a, serial_bayou_shore_b, serial_bayou_pond_e,
          kennysheep_small_spiral, minmay_manual_moon, uniq_duvessa,
          uniq_blork_the_orc
D:5:      layout_loops_ring, gammafunk_ghost_smash,
          nicolae_twisty_statue_hallways

Skill      XL: |  1  2  3  4  5  6 |
---------------+-------------------+-----
Shapeshifting  | 4 5 6 7 |  7.8
Fighting       | |  1.0
Dodging        | |  2.0
Unarmed Combat | |  3.0

Action                     |  1- 3 |  4- 6 |  7- 9 || total
---------------------------+-------+-------+-------++-------
  Melee: Unarmed           |    84 |   123 |    19 ||   226
         Constrict         |    19 |    32 |     1 ||    52
         Tentacles         |    15 |    22 |       ||    37
         Punch             |     1 |     6 |     2 ||     9
    Use: Potion            |       |       |     1 ||     1
   Stab: Sleeping          |     5 |     3 |       ||     8
 Armour: Skin              |    28 |    52 |    14 ||    94
  Dodge: Dodged            |    45 |    65 |     4 ||   114
  Block: Other             |    15 |    22 |     2 ||    39

Table legend: (Time is in decaauts)
 A = Elapsed time spent in this place.
 B = Non-inter-level travel time spent in this place.
 C = Inter-level travel time spent in this place.
 D = Time resting spent in this place.
 E = Time spent auto-exploring this place.
 F = Levels seen in this place.
 G = Mean time per level.
                   A        B        C        D        E       F      G
               +--------+--------+--------+--------+--------+-----+--------+
         Total |   4040 |   3862 |    178 |     61 |   3077 |   5 |  808.0 |
       Dungeon |   4040 |   3862 |    178 |     61 |   3077 |   5 |  808.0 |
               +--------+--------+--------+--------+--------+-----+--------+

Top non-repeatable levels by time:
     D:3: 1166 daAuts
     D:2: 1079 daAuts
     D:1: 921 daAuts
     D:4: 840 daAuts
     D:5: 32 daAuts
